Map: Expreso hacia la extinción

Players

PaulPaul

  • Race: Terran Terran

Jaencio

  • Race: Zerg Zerg

VOD

Have the link to the VOD?

Description

Time

  • Played on: May 20, 2025, 7:06 a.m.
  • Length: 23:54
Show
View Real Time Build Order
Export as new Build Order

PaulPaul Terran 

Build Orders:  

Get SALT Encoding   

  12  0:05  SCV  
  13  0:22  SCV  
  14  0:33  Refinery  
  14  0:34  Refinery  
  14  0:39  SCV  
  15  0:56  SCV  
  16  1:01  Engineering Bay  
  16  1:13  SCV  
  10  1:30  SCV  
  18  1:46  SCV  
  18  1:47  Engineering Bay  
  19  2:02  ITC-E Triggers  
  19  2:03  SCV  
  20  2:20  Engineering Bay, SCV  
  21  2:37  SCV  
  22  2:54  SCV  
  23  3:00  Outlaw Weapons Level 1, Outlaw Life and Armor Level 1  
  23  3:01  Unknown, Tychus  
  23  3:11  SCV  
  24  3:26  Gunslingers Hideout  
  24  3:28  SCV  
  25  3:31  Muscle Armory  
  25  3:42  Fixers Safehouse  
  25  3:46  SCV  
  26  4:22  Command Center  
  26  4:27  SCV  
  27  4:44  SCV  
  27  4:48  Big Red Button  
  28  5:11  Medivac Platform  
  28  5:26  Medivac Platform  
  28  5:56  SCV  
  29  6:02  SCV  
  29  6:04  Refinery  
  30  6:12  SCV  
  30  6:19  SCV, Outlaw Weapons Level 2  
  32  6:29  SCV  
  33  6:36  SCV  
  34  6:44  Refinery  
  34  6:46  SCV  
  35  6:53  SCV  
  35  6:58  Medivac Platform  
  36  7:03  SCV  
  44  7:10  SCV  
  38  7:20  SCV  
  38  7:26  SCV  
  40  7:37  SCV  
  41  7:40  Outlaw Life and Armor Level 2  
  41  7:43  SCV  
  41  7:45  Flashforce GDM Visor  
  42  7:54  SCV  
  43  8:00  SCV  
  44  8:11  SCV  
  44  8:17  SCV  
  46  8:30  Unknown, Crooked Sam  
  46  8:34  SCV  
  46  8:39  Endurance Supplements  
  57  9:15  Outlaw Weapons Level 3  
  57  9:23  Kel-Morian Ripper Rounds  
  57  9:44  SCV  
  58  9:55  Procyon Shade Suit  
  58  11:22  Outlaw Life and Armor Level 3  
  58  11:31  LarsCorp G7 Charges  
  58  12:04  Outlaw Weapons Level 4  
  58  12:18  Nux  
  58  12:19  Unknown  
  68  12:27  James Sirius Sykes  
  68  12:28  Unknown  
  78  13:20  Crystalline Amplifiers  
  78  14:51  KD9a Implosion Core  
  78  14:54  Vanadium Shell  
  78  15:11  Moebius M34 Terror Rounds  
  78  16:06  Auto-Turret  
  78  16:10  Auto-Turret  
  78  16:19  Auto-Turret x2  
  78  16:27  Auto-Turret  
  78  16:33  Auto-Turret x2  
  78  16:47  Auto-Turret  
  78  18:28  Outlaw Life and Armor Level 4, Outlaw Weapons Level 5  
  78  18:49  T4 Cloudburst Shells, Ultrasonic Boosters  
  78  21:38  SA-55 Thunderbolt Missiles  
  78  21:39  D99 Detonator  
Show
View Real Time Build Order
Export as new Build Order

Jaencio Zerg 

Build Orders:  

Get SALT Encoding   

  12  0:03  Drone  
  13  0:15  Overlord  
  13  0:21  Drone  
  14  0:42  Drone x3  
  14  0:43  Drone  
  18  0:50  Drone x2  
  18  0:58  Drone  
  21  1:05  Drone  
  22  1:10  Extractor  
  22  1:11  Drone, Extractor  
  22  1:19  Overlord  
  21  1:30  Drone  
  22  1:46  Drone  
  22  1:47  Drone  
  24  1:51  Spawning Tool  
  24  1:55  Drone  
  24  2:10  Drone  
  24  2:14  Drone  
  26  2:26  Drone  
  27  2:42  Zergling x4  
  27  2:48  Zergling x2  
  30  3:01  Overlord  
  30  3:08  Hatchery  
  29  3:14  Drone  
  30  3:34  Drone  
  30  3:35  Drone  
  32  3:54  Hatchery  
  32  3:59  Drone x3  
  34  4:42  Drone  
  34  4:43  Drone x8  
  43  4:58  Infestation Pit  
  42  5:08  Drone  
  42  5:09  Drone x7  
  50  5:12  Extractor  
  50  5:15  Extractor  
  48  5:36  Zergling x2  
  37  6:00  Zergling x2  
  49  6:03  Overlord  
  49  6:04  Overlord x8  
  50  6:52  Drone x2  
  50  6:53  Drone x15  
  67  7:03  Hydralisk Den  
  67  7:06  Evolution Chamber  
  67  7:09  Evolution Chamber  
  64  7:24  Metabolic Boost, Hardened Ergonergy Shield  
  64  7:56  Zergling  
  64  7:57  Zergling  
  64  7:59  Zergling  
  64  8:00  Zergling  
  64  8:07  Zergling  
  61  8:30  Zergling, Hydralisk  
  61  8:31  Hydralisk x5  
  73  8:42  Overseer x3  
  72  9:01  Zerg Melee Weapons Level 1, Zerg Missile Weapons Level 1  
  72  9:02  Zerg Ground Armor Level 1  
  72  9:03  Adrenal Glands  
  72  9:05  Erudition Missile Launchers, Muscular Augments  
  72  9:13  Zergling x2  
  72  9:14  Zergling x14  
  72  9:16  Hydralisk  
  72  9:17  Hydralisk x8  
  72  9:19  Overlord  
  98  9:54  Zergling  
  98  9:56  Zergling  
  98  9:57  Zergling  
  98  9:58  Zergling  
  98  9:59  Zergling  
  98  10:00  Zergling  
  98  10:02  Zergling  
  98  10:05  Baneling Nest  
  97  10:17  Ultralisk Cavern  
  96  10:20  Zergling  
  93  10:35  Hydralisk  
  93  10:36  Zergling  
  91  10:46  Zergling  
  83  11:10  Zergling x2  
  83  11:11  Zergling x28  
  83  11:14  Zergling, Hydralisk x3  
  104  11:27  Zergling  
  104  11:29  Zergling  
  104  11:31  Zergling, Hydralisk  
  104  11:43  Hydralisk  
  104  11:44  Zergling  
  104  11:45  Zergling  
  104  11:46  Zergling  
  104  11:47  Zergling  
  104  11:49  Zergling  
  99  11:51  Zergling  
  99  11:53  Zergling x2  
  99  11:54  Zergling x2  
  99  11:55  Zergling  
  99  11:57  Zergling  
  99  11:58  Zergling, Hydralisk  
  99  11:59  Zergling x7, Hydralisk x6  
  112  12:00  Zergling x10  
  112  12:02  Zergling x2  
  112  12:03  Zergling  
  112  12:04  Zergling  
  112  12:07  Zergling  
  112  12:09  Zergling  
  115  12:10  Zergling  
  115  12:13  Zergling, Hydralisk  
  106  12:20  Zergling  
  106  12:23  Zergling  
  106  12:24  Zergling  
  106  12:29  Zergling x2  
  102  12:30  Zergling x17  
  102  12:31  Zergling  
  102  12:32  Zergling  
  102  12:39  Zergling  
  107  12:42  Zergling  
  107  12:43  Zergling x3  
  107  12:44  Zergling  
  107  12:46  Zergling  
  96  12:50  Zergling  
  96  12:52  Zergling  
  96  12:54  Zergling  
  84  13:00  Zergling  
  84  13:03  Zergling x8  
  84  13:04  Zergling x20  
  84  13:07  Zergling  
  92  13:13  Hydralisk  
  92  13:14  Zergling  
  91  13:25  Zergling x8  
  91  13:26  Zergling x4  
  94  13:37  Extractor  
  94  13:38  Hatchery, Zergling  
  94  13:39  Hatchery, Zergling  
  88  13:40  Zergling  
  88  13:42  Zergling  
  88  13:43  Zergling  
  88  13:44  Zergling x2  
  88  13:48  Zergling x6, Pneumatized Carapace  
  88  13:49  Zergling x6  
  88  13:51  Zergling  
  88  13:52  Zergling  
  88  13:53  Zergling  
  75  14:34  Zergling  
  75  14:45  Zergling  
  75  14:49  Zergling  
  75  14:52  Zergling  
  75  14:53  Drone x4  
  75  14:54  Drone x12  
  75  14:59  Electrostatic Surprise  
  90  15:01  Mecha Mooch Module  
  84  15:11  Zergling x8  
  84  15:12  Zergling x6  
  91  15:23  Hatchery  
  91  15:25  Hatchery  
  89  15:34  Zergling x2, Hydralisk  
  89  15:35  Zergling, Hydralisk x7  
  89  15:36  Zergling x4, Hydralisk x5  
  117  15:57  Zergling  
  117  15:58  Zergling x2  
  117  15:59  Chitanium Plating, Zergling x2  
  115  16:00  Zergling  
  115  16:02  Zergling  
  115  16:04  Zergling  
  115  16:12  Zerg Missile Weapons Level 2, Zerg Ground Armor Level 2, Zerg Melee Weapons Level 2  
  115  16:15  Tyr-Class Targeting System  
  115  16:29  Anti-Centripetal Rocket Servos  
  109  16:30  Egonergy Enhanced Explosives  
  109  16:34  Zergling  
  109  16:36  Zergling  
  109  16:40  Ultralisk  
  109  16:41  Ultralisk x2  
  109  16:44  Overlord  
  109  16:45  Overlord x2  
  127  16:51  Zergling x3  
  127  16:52  Zergling x8  
  127  16:53  Zergling x5  
  127  16:55  Zergling  
  126  17:06  Ultralisk, Hydralisk  
  126  17:07  Ultralisk  
  138  17:16  Zergling  
  138  17:17  Zergling x7  
  138  17:18  Zergling x7  
  138  17:19  Zergling x3  
  137  17:29  Egonergy Efficient Barrier  
  136  17:44  Ultralisk x2  
  136  17:48  Overlord x2  
  136  17:49  Overlord  
  141  18:17  Zergling  
  141  18:18  Zergling  
  141  18:19  Zergling  
  141  18:21  Zergling  
  141  18:26  Zergling  
  141  18:42  Zergling  
  141  18:46  Ultralisk  
  141  18:47  Ultralisk x2  
  141  18:48  Zergling x2  
  141  18:49  Zergling x30  
  158  18:50  Zergling x2  
  158  18:52  Hydralisk  
  158  18:58  Zergling  
  174  19:00  Zergling  
  173  19:23  Zergling  
  172  19:41  Zergling  
  172  20:09  Zergling  
  169  20:17  Zergling  
  169  20:21  Ultralisk x2  
  169  20:22  Ultralisk x3  
  169  20:23  Zergling x2  
  169  20:28  Zergling x6  
  169  20:29  Zergling x2  
  200  20:30  Zergling  
  200  20:37  Zergling  
  200  20:41  Zergling  
  200  20:44  Zergling  
  198  21:54  Zergling x2  
  199  22:38  Zergling x6  
  199  22:39  Zergling x4  
  199  22:41  Zergling x6  
  199  22:42  Zergling x3  
  199  22:45  Zergling x4  
  199  22:46  Zergling  
  199  22:53  Zergling x7  
  199  22:54  Zergling x7  
  199  22:55  Zergling  
Tags
 
Add a new tag
Caveats
  • Supply blocks, unpowered buildings, or Contaminate may cause inaccurate times.
  • Supply counts are checked every 10 seconds.